AoeStats
← tomischmidd

Nomad

506043143Analyzed
2v2 RM · 19d ago on Sep 12, 2026· 51m 55s· 4 players
Game mode
Random Map
Map size
176×176
Population
200
Speed
Normal
Resources
Standard
Victory
Conquest
Starting age
Dark Age
Ending age
Imperial Age
RankedLock teamsTeams togetherTeam positionsShared explorationLock speedFull tech treeHidden civsTurbo modeCheats
Victory
Defeat
🇦🇺 Dravidians · Australia
789
+5
🇨🇳 Franks · China
747
+5
🇦🇷 Huns · Argentina
492
-5
🇦🇷 Vietnamese · Argentina
490
-5
Vikingo7256
3:09 Loom
18:47 Feudal Age
19:33 Double-Bit Axe
19:32 Fishing Lines
20:36 Horse Collar
21:12 Town Watch
21:56 Arson
24:26 Gold Mining
27:32 Castle Age
26:11 Wheelbarrow
27:51 Scale Mail Armor
31:20 Gillnets
32:32 Chain Mail Armor
32:09 Fletching
32:20 Padded Archer Armor
32:31 Forging
33:16 Marauders
35:33 Bodkin Arrow
35:57 Leather Archer Armor
36:20 Squires
35:40 Pikeman
38:22 Husbandry
47:21 Scale Barding Armor
tomischmidd
12:16 Loom
14:47 Feudal Age
16:32 Double-Bit Axe
17:40 Horse Collar
24:10 Man-at-Arms
28:05 Arson
依文12345
3:45 Loom
15:32 Feudal Age
16:43 Man-at-Arms
17:57 Arson
25:03 Stone Mining
27:17 Castle Age
28:03 Gold Mining
36:12 Husbandry
40:53 Gold Shaft Mining
40:15 Long Swordsman
41:16 Pikeman
42:13 Double-Bit Axe
48:14 Imperial Age
47:16 Gambesons
47:54 Light Cavalry
48:47 Scale Barding Armor
48:52 Forging
49:23 Conscription
48:28 Cavalier
Beardsley McTurbanhead
5:57 Loom
15:24 Feudal Age
16:27 Double-Bit Axe
16:34 Fishing Lines
21:29 Castle Age
22:11 Fletching
22:39 Bow Saw
22:43 Gillnets
23:22 Medium Warships
26:24 Ballistics
26:16 Heated Shot
26:20 Guard Tower
29:12 Thumb Ring
29:44 Gold Mining
29:53 Stone Mining
32:00 Wheelbarrow
31:11 Town Watch
32:04 Bodkin Arrow
31:59 Horse Collar
32:43 Heavy Plow
34:23 Padded Archer Armor
34:39 Medical Corps
35:03 Hand Cart
36:18 Leather Archer Armor
39:39 Imperial Age
39:43 Elite Elephant Archer
40:45 Conscription
40:38 Bracer
41:45 Chemistry
41:21 Keep
40:46 Siege Elephant
42:41 Ring Archer Armor
51:41 Spies/Treason
Connection lost

Rejoining the realm…

Still unreachable

The connection could not be restored.

Session expired

The server has moved on; the page needs a fresh start.